 Dungeon Crawl Stone Soup version 0.26.1-2-gb8aa6d0cf2 (webtiles) character file.

Game seed: 2732664223308905912

309 Almogavar the Shield-Bearer (level 6, -1/38 HPs)
             Began as a Gargoyle Fighter on Mar 23, 2021.
             Slain by Natasha (5 damage)
             ... on level 3 of the Dungeon.
             The game lasted 00:07:29 (2546 turns).

Almogavar the Shield-Bearer (Gargoyle Fighter)      Turns: 2546, Time: 00:07:33

Health: -1/38      AC: 13    Str: 21    XL:     6   Next: 41%
Magic:  6/6        EV:  5    Int:  9    God:
Gold:   155        SH:  9    Dex:  9    Spells: 5/5 levels left

rFire    . . .     SeeInvis .   a - +0 flail
rCold    . . .     Faith    .   c - +0 kite shield
rNeg     + . .     Spirit   .   k - +0 chain mail
rPois    ∞         Reflect  .   (no helmet)
rElec    +         Harm     .   (no cloak)
rCorr    +         Rampage  .   (no gloves)
Will     .....                  (no boots)
Stlth    ..........             (no amulet)
HPRegen  0.12/turn              p - ring of resist corrosion
MPRegen  0.10/turn              (no ring)

@: slowed, very slow
A: negative energy resistance 1, electricity resistance, unbreathing,
petrification resistance, miasma immunity, AC +4
a: no special abilities


You were on level 3 of the Dungeon.
You visited 1 branch of the dungeon, and saw 3 of its levels.

You collected 155 gold pieces.

Inventory:

Hand Weapons
 a - a +0 flail (weapon)
Armour
 c - a +0 kite shield (worn)
 k - a +0 chain mail (worn)
Jewellery
 p - a ring of resist corrosion (left hand)
 q - an uncursed amulet of the acrobat
Scrolls
 f - a scroll of teleportation
 m - 3 scrolls of noise {unknown}
 n - 2 scrolls of remove curse {unknown}
 o - a scroll of blinking {unknown}
Potions
 b - a potion of ambrosia {unknown}
 d - a potion of might
 e - 2 potions of resistance
 g - 2 potions of brilliance
 h - a potion of attraction
 i - 3 potions of haste {unknown}
 j - a potion of mutation {unknown}
 l - a potion of curing {unknown}
 r - a potion of lignification {unknown}


   Skills:
 + Level 4.1 Fighting
 + Level 4.5 Maces & Flails
 + Level 4.2 Armour
 + Level 4.8 Shields


You had 5 spell levels left.
You didn't know any spells.
Your spell library was empty.

Dungeon Overview and Level Annotations

Branches:
Dungeon (3/15)

Altars:
Zin

Annotations:
D:3 Natasha


Innate Abilities, Weirdness & Mutations

You are resistant to torment.
Your stone body is resilient. (AC +4)
You are immune to poison.
You resist negative energy. (rN+)
You are resistant to electric shocks. (rElec)
You can survive without breathing.
You are immune to petrification.
You are immune to miasma.


Message History

Unknown command.
You hit Natasha.
Natasha is almost dead.
You block Natasha's attack. You block the shadow imp's attack.
The rat bites you but does no damage.
The shadow imp hits you but does no damage.
Natasha closely misses you. The rat barely misses you.
You barely miss Natasha.
Natasha is almost dead.
The shadow imp disappears in a puff of smoke!
Natasha claws you but does no damage. You block the rat's attack.
Natasha completely misses you. You block the rat's attack.
Unknown command.
You closely miss Natasha.
Natasha is almost dead.
Natasha stares at you and mumbles some strange words.
The magic dart hits you.
* * * LOW HITPOINT WARNING * * *
The rat barely misses you. Natasha claws you.
You die...

##...###...# ..... ....
##############.####.#####..
................()<........
..............(.##).....#..
###############)##..###.#
#(##..# # ##r##.<# #..@h..#
#...##.# #......#
###.######## #...........
#.##.####### #.##..#
#.###.## #.# #..# #


You could see Natasha and a rat.

Vanquished Creatures
  An orc priest (D:3)
  Jessica (D:3)
  Terence (D:2)
  Natasha (D:3)
  An orc wizard (D:3)
  3 gnolls
  5 adders
  4 dart slugs
  2 leopard geckos
  5 orcs (D:3)
  13 giant cockroaches
  13 goblins
  9 hobgoblins
  3 jackals (D:3)
  4 quokkas
  A ball python (D:2)
  5 bats
  2 frilled lizards (D:1)
  11 kobolds
  9 rats
94 creatures vanquished.

Notes
Turn   | Place    | Note
-------+----------+-------------------------------------------
     0 | D:1      | Almogavar the Gargoyle Fighter began the quest for the Orb.
     0 | D:1      | Reached XP level 1. HP: 14/14 MP: 1/1
    32 | D:1      | Found a glowing silver altar of Zin.
    71 | D:1      | Reached XP level 2. HP: 8/19 MP: 2/2
   349 | D:1      | Reached XP level 3. HP: 21/23 MP: 3/3
  1111 | D:2      | Noticed Terence
  1119 | D:2      | Reached XP level 4. HP: 29/29 MP: 4/4
  1134 | D:2      | Killed Terence
  1463 | D:2      | Reached XP level 5. HP: 33/33 MP: 5/5
  1473 | D:2      | Found a faded altar of an unknown god.
  1957 | D:3      | Noticed Jessica
  1962 | D:3      | Killed Jessica
  1963 | D:3      | Reached XP level 6. HP: 38/38 MP: 6/6
  1963 | D:3      | Noticed Natasha
  1981 | D:3      | Killed Natasha
  2529 | D:3      | Noticed Natasha
  2546 | D:3      | Slain by Natasha

Illustrated notes

Levels and vault maps discovered:
D:1:      dpeg_arrival_tiny_b, layout_rooms, st_stairs_9,
          kennysheep_flooded_box, minivault_24, minmay_tree_intersection
D:2:      layout_basic, chequers_ecumenical_altar_island,
          minmay_worlds_worst_comb, uniq_terence
D:3:      layout_basic, ebering_ghost_sewer_f, uniq_jessica, uniq_natasha

Skill      XL: |  1  2  3  4  5 |
---------------+----------------+-----
Shields        | 4 |  4.8
Maces & Flails | 3 4 |  4.5
Armour         | 4 |  4.2
Fighting       | 4 |  4.1

Action                   |  1- 3 |  4- 6 || total
-------------------------+-------+-------++-------
Melee: Flail             |   116 |   245 ||   361
  Use: Scroll            |     3 |     1 ||     4
Armor: Scale mail        |    52 |    10 ||    62
       Chain mail        |       |   166 ||   166
Dodge: Dodged            |    37 |    82 ||   119
Block: Kite shield       |    68 |   139 ||   207
